 Dungeon Crawl Stone Soup version 0.23.0 (webtiles) character file.

Game seed: 10599232167993939558

112 Infinimo the Slasher (level 4, -1/37 HPs)
             Began as a Demonspawn Berserker on Feb 9, 2019.
             Was a Believer of Trog.
             Killed from afar by an orc wizard (4 damage)
             ... with a magic dart
             ... on level 4 of the Dungeon.
             The game lasted 00:03:52 (3457 turns).

Infinimo the Slasher (Demonspawn Berserker)         Turns: 3457, Time: 00:03:53

Health: -1/37      AC:  4    Str: 18    XL:     4   Next: 63%
Magic:  4/4        EV: 11    Int:  9    God:    Trog [**....]
Gold:   131        SH:  4    Dex: 12    Spells: 3/3 levels left

rFire    . . .     SeeInvis .   a - +1 falchion
rCold    . . .     Gourm    .   m - +1 buckler
rNeg     . . .     Faith    .   b - +0 animal skin
rPois    .         Spirit   .   (no helmet)
rElec    .         Reflect  .   (no cloak)
rCorr    .         Harm     .   g - +1 pair of gloves
MR       .....                  (no boots)
Stlth    +.........             (no amulet)
HPRegen  0.12/turn              (no ring)
MPRegen  0.09/turn              (no ring)

@: berserk cooldown, slowed, very slow
A: powered by pain 1, rot immunity
a: Berserk, Trog's Hand, Renounce Religion


You were on level 4 of the Dungeon.
You worshipped Trog.
Trog was pleased with you.
You were hungry.

You visited 1 branch of the dungeon, and saw 4 of its levels.

You collected 131 gold pieces.

Inventory:

Hand Weapons
 a - a +1 falchion (weapon)
Armour
 b - a +0 animal skin (worn)
 g - a +1 pair of gloves (worn)
 m - a +1 buckler (worn)
Scrolls
 d - a scroll of remove curse
 f - a scroll of magic mapping
 h - 2 scrolls of fear
 i - 2 scrolls of identify
 k - a scroll of fog
 p - a scroll of teleportation
Potions
 j - a potion of haste {unknown}
 n - a potion of degeneration {unknown}
 o - a potion of lignification {unknown}
Comestibles
 c - 3 rations


   Skills:
 + Level 3.7 Fighting
 * Level 4.0 Long Blades
 - Level 2.2 Armour
 - Level 1.7 Dodging
 + Level 1.0 Shields


You had 3 spell levels left.
You didn't know any spells.
Your spell library was empty.

Dungeon Overview and Level Annotations

Branches:
Dungeon (4/15)
 Temple: D:4-7

Altars:


Innate Abilities, Weirdness & Mutations

You sometimes gain a little power by taking damage.
You are immune to rotting.


Message History

You riposte.
The orc wizard is severely wounded.
The orc wizard gestures at you while chanting.
The magic dart hits you!
* * * LOW HITPOINT WARNING * * *
You block the orc wizard's attack.
You feel better.
The orc wizard hits you with a +0 dagger.
* * * LOW HITPOINT WARNING * * *
The orc wizard is almost dead.
The orc wizard points at you and mumbles some strange words.
The magic dart hits you.
* * * LOW HITPOINT WARNING * * *
The orc wizard casts a spell at you.
You feel as though you will be slow longer.
You're still recovering from your berserk rage.
The orc wizard is almost dead.
The orc wizard gestures at you while chanting.
The magic dart hits you.
You die...

......# ##.....## ...
# ###.......###...
..##............?..
......[............
...................
........o...........
.......@##..........
..)......#...........
.................[...
.....................
..###...............
. #....##.).....#
#...####.....##
#...## #...<## #...#
#....#


You could see an orc wizard.

Vanquished Creatures
  An adder (D:2)
  A gnoll (D:1)
  2 oozes
  A worm (D:3)
  4 dart slugs
  8 orcs
  2 giant cockroaches
  2 goblins
  4 hobgoblins
  11 jackals
  A quokka (D:3)
  2 ball pythons (D:2)
  8 bats
  3 frilled lizards
  7 kobolds
  7 rats
64 creatures vanquished.

Notes
Turn   | Place    | Note
-------+----------+-------------------------------------------
     0 | D:1      | Infinimo the Demonspawn Berserker began the quest for the
                  | Orb.
     0 | D:1      | Reached XP level 1. HP: 18/18 MP: 1/1
   384 | D:1      | Reached skill level 3 in Long Blades
   384 | D:1      | Gained mutation: You are immune to rotting. [demonic
                  | ancestry]
   384 | D:1      | Reached XP level 2. HP: 24/24 MP: 2/2
  1026 | D:1      | Reached XP level 3. HP: 29/29 MP: 3/3
  2434 | D:3      | Reached ** piety under Trog
  2434 | D:3      | Gained mutation: You sometimes gain a little power by
                  | taking damage. [demonic ancestry]
  2434 | D:3      | Reached XP level 4. HP: 26/35 MP: 4/4
  3025 | D:3      | Reached skill level 1 in Shields
  3428 | D:4      | Reached skill level 4 in Long Blades
  3457 | D:4      | Killed from afar by an orc wizard

Skill      XL: |  1  2  3  4 |
---------------+-------------+-----
Long Blades    | 3 4 |  4.0
Armour         | 2 |  2.2
Shields        | 1 |  1.0
Fighting       | |  3.7
Dodging        | |  1.7

Action                   |  1- 3 |  4- 6 || total
-------------------------+-------+-------++-------
Melee: Falchion          |   104 |   108 ||   212
Invok: Berserk           |     6 |     3 ||     9
  Use: Scroll            |    10 |       ||    10
       Potion            |       |     2 ||     2
 Stab: Sleeping          |     2 |     1 ||     3
  Eat: Chunk             |    11 |     5 ||    16
Armor: Animal skin       |    16 |    30 ||    46
Dodge: Dodged            |    63 |    66 ||   129
Block: Buckler           |    12 |    29 ||    41
       Rpst.: Falchion   |    15 |    24 ||    39
